 Dungeon Crawl Stone Soup version 0.25-a0-420-g1cc7eeb0d1 (webtiles) character file.

Game seed: 14578338288322041868, levelgen mode: deterministic

203 Kohma the Chopper (level 5, -3/47 HPs)
             Began as a Hill Orc Abyssal Knight on Jan 18, 2020.
             Was a Believer of Lugonu.
             Shot with an arrow by a centaur (5 damage)
             ... on level 4 of the Dungeon.
             The game lasted 00:08:05 (3313 turns).

Kohma the Chopper (Hill Orc Abyssal Knight)         Turns: 3313, Time: 00:08:06

Health: -3/47      AC:  5    Str: 16    XL:     5   Next: 81%
Magic:  8/8        EV: 10    Int: 12    God:    Lugonu [**....]
Gold:   100        SH:  3    Dex: 10    Spells: 4/4 levels left

rFire    . . .     SeeInvis .   a - +2 hand axe
rCold    . . .     Gourm    .   k - +0 buckler of Light {rElec rCorr} (curse)
rNeg     . . .     Faith    .   d - +0 ring mail
rPois    .         Spirit   .   (no helmet)
rElec    +         Reflect  .   (no cloak)
rCorr    +         Harm     .   (no gloves)
MR       .....                  (no boots)
Stlth    ..........             (no amulet)
HPRegen  0.15/turn              (no ring)
MPRegen  0.11/turn              (no ring)

@: lethally poisoned (-3 -> -16), berserk cooldown, slowed, very slow
A: no striking features
a: Depart the Abyss, Bend Space, Renounce Religion


You were on level 4 of the Dungeon.
You worshipped Lugonu.
Lugonu was pleased with you.
You were not hungry.

You visited 1 branch of the dungeon, and saw 4 of its levels.
You visited the Abyss 1 time.

You collected 100 gold pieces.

Inventory:

Hand Weapons
 a - a +2 hand axe (weapon)
Missiles
 j - 4 curare-tipped darts (quivered)
 p - 21 poisoned darts
Armour
 d - a +0 ring mail (worn)
 k - the cursed +0 buckler of Light (worn) {rElec rCorr}
   (You found it on level 4 of the Dungeon)

   It insulates you from electricity.
   It provides partial protection from all sources of acid and corrosion.
   It has a curse placed upon it.
Scrolls
 e - a scroll of teleportation
 h - a scroll of identify
 o - a scroll of immolation
Potions
 f - a potion of agility
 g - a potion of cancellation
 i - 3 potions of haste
 l - a potion of lignification
Comestibles
 c - 6 rations


   Skills:
 + Level 4.6 Fighting
 * Level 4.9 Axes
 - Level 2.9 Armour
 - Level 1.0 Dodging
 * Level 1.0 Shields
 * Level 4.5 Invocations


You had 4 spell levels left.
You didn't know any spells.
Your spell library was empty.

Dungeon Overview and Level Annotations

Branches:
Dungeon (4/15)
 Temple: D:4-7

Altars:
Cheibriados
Okawaru
Zin

Shops:
D:4 (


Message History

You feel sick.
* * * LOW HITPOINT WARNING * * *
You feel sick.
You can move again.
Okay, then.
* * * LOW HITPOINT WARNING * * *
You feel very sick.
Okay, then.
Okay, then.
You aren't carrying any items that you can evoke.
* * * LOW HITPOINT WARNING * * *
You feel sick.
A centaur comes into view.
An adder comes into view.
* * * LOW HITPOINT WARNING * * *
You feel sick.
The adder hisses angrily.
The centaur wields a +0 shortbow.
The centaur shoots an arrow.
The arrow hits you.
You die...

....................## .
............c........#..
(...........#†.#........
.8.8.8##....#..........## ....#
..⌠.⌠.###..........#..........##
(8.∩.8#...............# ..#....#
..⌠.⌠................## ......##
.8.8.8...............##.
#.......
..............##@.......
##......
.###..........###..$....
#.#..... #. ..........## ...##..
#.....# ###....... ..## .
###...# #...... ..# ##...# #....
... #..... .... .... #..... ..
.S.. #..... #......


You could see a centaur and an adder.

Vanquished Creatures
  A scorpion (D:4)
  An iguana (D:3)
  A worker ant (D:4)
  An adder (D:2)
  An ooze (D:1)
  An adder skeleton (D:4)
  A dart slug (D:1)
  A worm (D:2)
  4 leopard geckos
  6 orcs (D:3)
  5 bats
  6 giant cockroaches
  6 goblins
  5 hobgoblins
  6 jackals (D:3)
  4 kobolds
  3 quokkas (D:3)
  A ball python (D:2)
  8 frilled lizards
  12 rats
74 creatures vanquished.

Notes
Turn   | Place    | Note
-------+----------+-------------------------------------------
     0 | Abyss:1  | Kohma the Hill Orc Abyssal Knight began the quest for the
                  | Orb.
     0 | Abyss:1  | Reached XP level 1. HP: 19/19 MP: 2/2
    28 | Abyss:1  | Noticed a freezing wraith
    56 | Abyss:1  | Noticed a thrashing horror
    58 | D:1      | Escaped the Abyss
   191 | D:1      | Reached skill level 1 in Dodging
   191 | D:1      | Reached XP level 2. HP: 12/27 MP: 4/4
   383 | D:1      | Reached * piety under Lugonu
   639 | D:1      | Reached XP level 3. HP: 33/33 MP: 5/5
  1339 | D:2      | Reached XP level 4. HP: 37/40 MP: 6/6
  1345 | D:2      | Found a glowing silver altar of Zin.
  1708 | D:3      | Reached ** piety under Lugonu
  1819 | D:3      | Found an iron altar of Okawaru.
  2225 | D:3      | Reached XP level 5. HP: 8/47 MP: 6/8
  2888 | D:4      | Found a snail-covered altar of Cheibriados.
  3258 | D:4      | Found Beihump's Antique Weapon Shoppe.
  3266 | D:4      | Got a polished buckler
  3272 | D:4      | Identified the cursed +0 buckler of Light {rElec rCorr}
                  | (You found it on level 4 of the Dungeon)
  3302 | D:4      | Reached skill level 1 in Shields
  3312 | D:4      | Noticed a centaur
  3313 | D:4      | HP: 2/47 [poisoned by a scorpion]
  3313 | D:4      | Shot with an arrow by a centaur

Levels and vault maps discovered:
D:1:      lemuel_arrival_room, layout_rooms
D:2:      layout_rooms, overflow_temple_1_default
D:3:      layout_loops_ring, minmay_misc_feat_hallway,
          kennysheep_okawaru_gauntlet
D:4:      layout_layer_cave, serial_shops,
          nicolae_shop_temple_entry_statues_fountains, cheibriados_altar_1

Skill      XL: |  1  2  3  4  5 |
---------------+----------------+-----
Axes           | 3 4 |  4.9
Dodging        | 1 |  1.0
Invocations    | 3 4 |  4.5
Fighting       | 4 |  4.6
Shields        | 1 |  1.0
Armour         | |  2.9

Action                   |  1- 3 |  4- 6 || total
-------------------------+-------+-------++-------
Melee: Hand axe          |   103 |   119 ||   222
Throw: Dart              |       |     2 ||     2
Invok: Depart the Abyss  |     1 |       ||     1
  Use: Scroll            |       |    10 ||    10
       Potion            |       |     2 ||     2
  Eat: Chunk             |     1 |     5 ||     6
       Ration            |       |     1 ||     1
Armor: Leather armour    |    27 |       ||    27
       Ring mail         |    10 |    47 ||    57
Dodge: Dodged            |    66 |    78 ||   144
Block: Buckler           |       |     1 ||     1

Table legend:
 A = Non-vault XP
 B = Vault XP
 C = Vault XP percentage of total XP
 D = Non-vault monster count
 E = Vault monster count
 F = Vault count percentage of total count
                 A         B        C        D         E       F
            +---------+---------+-------+---------+---------+-------
      Total |     286 |       4 |   1.4 |      72 |       2 |   2.7
            +---------+---------+-------+---------+---------+-------
        D:1 |      50 |       0 |   0.0 |      27 |       0 |   0.0
        D:2 |      37 |       0 |   0.0 |      17 |       0 |   0.0
        D:3 |      90 |       4 |   4.3 |      25 |       2 |   7.4
        D:4 |     109 |       0 |   0.0 |       3 |       0 |   0.0
            +---------+---------+-------+---------+---------+-------
